 Dungeon Crawl Stone Soup version 0.20-a0-960-ge493e74 (webtiles) character file.

48 Rrauwl the Ruffian (level 3, -3/33 HPs)
             Began as a Troll Transmuter on Apr 7, 2017.
             Slain by a goblin
             ... wielding a +0 dagger
             ... led by Robin
              (9 damage)
             ... on level 2 of the Dungeon.
             The game lasted 00:03:28 (765 turns).

Rrauwl the Ruffian (Troll Transmuter)                Turns: 765, Time: 00:03:29

Health: -3/33      AC:  5    Str: 18    XL:     3   Next: 50%
Magic:  4/4        EV: 10    Int: 10    God:
Gold:   91         SH:  0    Dex: 10    Spells: 4/5 levels left

rFire    . . .     SeeInvis .     - Unarmed
rCold    . . .     Gourm    +   (no shield)
rNeg     . . .     Faith    .   b - +0 robe
rPois    .         Spirit   .   (helmet restricted)
rElec    .         Reflect  .   (no cloak)
rCorr    .         Harm     .   (gloves unavailable)
MR       .....                  (boots unavailable)
Stlth    +.........             (no amulet)
Regen    0.6/turn               (no ring)
MPRegen  0.1/turn               (no ring)

@: no status effects
A: unfitting armour, claws 3, fast metabolism 3, gourmand, regeneration 1,
shaggy fur 1, tough skin 2
a: no special abilities


You were on level 2 of the Dungeon.
You were very full.

You visited 1 branch of the dungeon, and saw 2 of its levels.

You collected 91 gold pieces.

Inventory:

Missiles
 a - 23 arrows
Armour
 b - a +0 robe (worn)
Scrolls
 h - a scroll of magic mapping {unknown}
 i - a scroll of enchant armour {unknown}
 o - a scroll of enchant weapon {unknown}
Potions
 g - a potion of degeneration {unknown}
 j - a potion of heal wounds {unknown}
 k - a potion of invisibility {unknown}
 l - a potion of agility {unknown}
 m - a potion of might {unknown}
 n - a potion of berserk rage {unknown}
Books
 c - a book of Changes

   Spells                             Type                      Level
   a - Beastly Appendage              Transmutation                1
   b - Sticks to Snakes               Transmutation                2
   c - Spider Form                    Transmutation/Poison         3
   d - Ice Form                       Ice/Transmutation            4
   e - Blade Hands                    Transmutation                5
Comestibles
 d - 3 bread rations
 f - a meat ration


   Skills:
 + Level 1.2 Fighting
 + Level 2.0 Dodging
 + Level 3.5 Unarmed Combat
 + Level 1.5 Spellcasting
 + Level 1.6 Transmutations


You had 4 spell levels left.
You knew the following spells:

 Your Spells              Type           Power        Failure   Level  Hunger
a - Beastly Appendage     Tmut           #.....       17%         1    ##.....


Dungeon Overview and Level Annotations

Branches:
Dungeon (2/15)

Altars:
Makhleb
Sif Muna


Innate Abilities, Weirdness & Mutations

You are too large for most types of armour.
You have claws for hands.
Your metabolism is lightning-fast.
You like to eat raw meat.
Your natural rate of healing is unusually fast.
You are covered in fur. (AC +1)
You have very tough skin. (AC +2)


Message History

The goblin hits you but does no damage.
You scratch Robin.
Robin is severely wounded.
The hobgoblin hits you with a club. The goblin hits you but does no damage.
You barely miss Robin.
Robin is severely wounded.
The goblin barely misses you. Robin hits you with a club.
The hobgoblin closely misses you. The goblin hits you with a dagger.
You claw Robin!
You kill Robin!
Your Dodging skill increases to level 2!
The goblin hits you. The hobgoblin hits you with a club.
* * * LOW HITPOINT WARNING * * *
You barely miss the goblin. The goblin hits you with a dagger.
* * * LOW HITPOINT WARNING * * *
The goblin closely misses you. The goblin hits you with a club.
* * * LOW HITPOINT WARNING * * *
Okay, then.
It was a potion of curing.
You feel better. The goblin hits you with a dagger!
You die...

#.# #.###.###.#.#
#.####.##.#.##.#>#
#...)....###......
######..## ##..#..
#.))...## ##.#..
#######.####..#####..#..
........# #.........#..
#######g# ####.#.#.##.(
#@# ##........
......ggg.....#####.##..
#######g#####.# #.##..
#g. ...... #.. #..###.
#... ...# #. ...# ##.##
#. #>## #. #. ..


You could see a hobgoblin and 5 goblins.

Vanquished Creatures
  Robin (D:2)
  An adder (D:2)
  2 bats (D:2)
  2 giant cockroaches (D:1)
  4 goblins
  6 hobgoblins
  A frilled lizard (D:1)
  6 kobolds
  3 rats
26 creatures vanquished.

Notes
Turn   | Place    | Note
-------+----------+-------------------------------------------
     0 | D:1      | Rrauwl the Troll Transmuter began the quest for the Orb.
     0 | D:1      | Reached XP level 1. HP: 18/18 MP: 1/1
   209 | D:1      | Reached XP level 2. HP: 18/26 MP: 3/3
   467 | D:2      | Reached skill level 1 in Fighting
   561 | D:2      | Reached XP level 3. HP: 20/33 MP: 4/4
   586 | D:2      | Found a deep blue altar of Sif Muna.
   593 | D:2      | Found a burning altar of Makhleb.
   750 | D:2      | Noticed Robin
   763 | D:2      | Killed Robin
   764 | D:2      | HP: 1/33 [goblin/club[Robin] (1)]
   765 | D:2      | Slain by a goblin

Vault maps used:
D:1:      noname_arrival_rooms_in_the_neighbourhood, hangedman_decor_opposing,
          minmay_fountain_box
D:2:      amethyst_overflow_temple_binary, uniq_sigmund, uniq_robin,
          uniq_jessica

Skill      XL: |  1  2  3 |
---------------+----------+-----
Fighting       | 1 |  1.2
Dodging        | 2 |  2.0
Unarmed Combat | |  3.5
Spellcasting   | |  1.5
Transmutations | |  1.6

Action                   || total
-------------------------++-------
Melee: Unarmed           ||    82
  Use: Potion            ||     1
 Stab: Sleeping          ||     1
  Eat: Chunk             ||    11
Armor: Robe              ||    28
Dodge: Dodged            ||    38
